 Dungeon Crawl Stone Soup version 0.25-a0-287-g56a5b49892 (webtiles) character file.

Game seed: 7744418041718923696, levelgen mode: deterministic

20421 Esekla the Thaumaturge (level 12, -2/62 HPs)
             Began as a Deep Elf Conjurer on Dec 12, 2019.
             Was the Champion of Kikubaaqudgha.
             Slain by a hippogriff (3 damage)
             ... on level 3 of the Lair of Beasts on Dec 13, 2019.
             The game lasted 02:34:32 (13999 turns).

Esekla the Thaumaturge (Deep Elf Conjurer)         Turns: 13999, Time: 02:34:33

Health: -2/62      AC:  9    Str:  8    XL:     12   Next: 45%
Magic:  3/32       EV: 16    Int: 28    God:    Kikubaaqudgha [******]
Gold:   939        SH:  0    Dex: 16    Spells: 14/39 levels left

rFire    . . .     SeeInvis .   u - +9 staff of Olgreb {rPois∞}
rCold    . . .     Gourm    .   (no shield)
rNeg     . . .     Faith    +   X - +0 troll leather armour
rPois    ∞         Spirit   .   S - +0 helmet
rElec    .         Reflect  .   A - +0 cloak
rCorr    .         Harm     .   q - +0 pair of gloves
MR       +....                  p - +0 pair of boots
Stlth    ++........             D - amulet of faith
HPRegen  0.60/turn              U - ring of wizardry
MPRegen  0.23/turn              e - +6 ring of intelligence

@: no status effects
A: no striking features
a: Receive Corpses, Torment, Brand Weapon With Pain, Receive Necronomicon,
Renounce Religion


You were on level 3 of the Lair of Beasts.
You worshipped Kikubaaqudgha.
Kikubaaqudgha was exalted by your worship.
You were hungry.

You visited 4 branches of the dungeon, and saw 16 of its levels.

You collected 939 gold pieces.

Inventory:

Hand Weapons
 g - a +2 vampiric dagger
 h - a +1 dagger of holy wrath
 u - the +9 staff of Olgreb (weapon) {rPois∞}
   (You found it on level 3 of the Lair of Beasts)

   It grants immunity to poison.
 v - a +2 dagger of venom
 w - a +0 spear
Missiles
 t - 30 poisoned darts (quivered)
 B - 12 boomerangs
 W - 6 javelins
Armour
 p - a +0 pair of boots (worn)
 q - a +0 pair of gloves (worn)
 A - a +0 cloak (worn)
 S - a +0 helmet (worn)
 X - a +0 troll leather armour (worn)
Jewellery
 e - a +6 ring of intelligence (right hand)
 j - an uncursed amulet of rage
 y - an uncursed amulet of the gourmand
 D - an amulet of faith (around neck)
 F - an uncursed ring of protection from cold
 R - a +4 ring of evasion
 U - a ring of wizardry (left hand)
Wands
 x - a wand of polymorph (7)
 z - a wand of flame (53)
 C - a wand of random effects (13)
 M - a wand of iceblast (9)
 N - a wand of acid (9)
 Z - a wand of enslavement (9)
Scrolls
 f - a scroll of magic mapping
 i - 3 scrolls of remove curse
 l - 2 scrolls of fog
 o - a scroll of enchant weapon
 r - a scroll of noise
 s - 3 scrolls of teleportation
 E - a scroll of immolation
 L - 2 scrolls of identify
Potions
 b - a potion of curing
 k - 3 potions of haste
 m - a potion of lignification
 n - a potion of mutation
 G - a potion of cancellation
 J - a potion of might
 O - a potion of agility
 P - a potion of invisibility
 Q - a potion of brilliance
 T - a potion of flight
 V - a potion of resistance
Miscellaneous
 I - a fan of gales
Comestibles
 c - 22 rations


   Skills:
 + Level 1.9 Fighting
 + Level 3.9 Short Blades
 * Level 2.9 Armour
 + Level 6.6 Dodging
 - Level 3.6 Stealth
 * Level 14.4 Spellcasting
 + Level 8.3 Conjurations
 + Level 4.7 Summonings
 * Level 7.7 Necromancy
 + Level 4.5 Translocations
 + Level 6.4 Air Magic
 * Level 4.1 Earth Magic
 * Level 5.3 Poison Magic
 * Level 6.1 Evocations


You had 14 spell levels left.
You knew the following spells:

 Your Spells              Type           Power        Failure   Level  Hunger
a - Magic Dart            Conj           ####         1%          1    None
b - Iskenderun's Mystic   Conj/Tloc      ######..     1%          4    None
c - Mephitic Cloud        Conj/Pois/Air  ######..     1%          3    None
d - Vampiric Draining     Necr           ######....   1%          3    None
e - Searing Ray           Conj           ######       1%          2    None
f - Borgnjor's Vile Clut  Necr/Erth      ######....   3%          5    None
l - Summon Lightning Spi  Summ/Air       ######..     1%          4    None
p - Apportation           Tloc           #####.       1%          1    None
v - Poisonous Vapours     Pois/Air       ######       1%          2    None

Your spell library contained the following spells:

 Spells                   Type           Power        Failure   Level  Hunger
 Animate Skeleton         Necr           N/A          1%          1    None
 Confusing Touch          Hex            ###...       1%          1    None
 Pain                     Necr           ####         1%          1    None
 Sting                    Tmut/Pois      ####         1%          1    None
 Summon Small Mammal      Summ           ####         1%          1    None
 Call Imp                 Summ           #####...     1%          2    None
 Sublimation of Blood     Necr           ######....   1%          2    None
 Call Canine Familiar     Summ           #####...     1%          3    None
 Dazzling Flash           Conj/Hex       #####.       1%          3    None
 Gell's Gravitas          Tloc           #####.....   1%          3    None
 Summon Guardian Golem    Hex/Summ       ####....     1%          3    None
 Animate Dead             Necr           N/A          1%          4    None
 Olgreb's Toxic Radiance  Pois           ######..     1%          4    None
 Dispel Undead            Necr           ######..     1%          5    None
 Ignite Poison            Fire/Tmut/Pois #####...     2%          3    None
 Fulminant Prism          Conj/Hex       #####.....   2%          4    None
 Confuse                  Hex            ###.....     4%          3    None
 Petrify                  Tmut/Erth      ####....     6%          4    None
 Summon Ice Beast         Ice/Summ       ####....     6%          4    None
 Excruciating Wounds      Chrm/Necr      #####.....   9%          5    None
 Death Channel            Necr           ######....   9%          6    ####...
 Metabolic Englaciation   Hex/Ice        ###.......   36%         5    None
 Yara's Violent Unravell  Hex/Tmut       ###.......   36%         5    None
 Haunt                    Necr/Summ      ######....   65%         7    #####..
 Borgnjor's Revivificati  Necr           ######....   98%         8    #######
 Infestation              Necr           ######....   98%         8    #######
 Death's Door             Chrm/Necr      #####.....   100%        8    #######
 Necromutation            Tmut/Necr      #####.....   100%        8    #######


Dungeon Overview and Level Annotations

Branches:
Dungeon (10/15)            Temple (1/1) D:7            Lair (4/6) D:8
  Swamp (0/4) Lair:4        Snake (0/4) Lair:4          Orc (1/2) D:9

Altars:
Ashenzari
Cheibriados
Dithmenos
Elyvilon
Fedhas
Gozag
Hepliaklqana
Kikubaaqudgha
Makhleb
Nemelex Xobeh
Okawaru
Qazlal
Ru
Sif Muna
Trog
Uskayaw
Vehumet
Wu Jian
Xom
Yredelemnul
Zin
The Shining One

Shops:
D:5 }   D:7 %[(

Annotations:
Lair:3 exclusion: oklob plant


Message History

* * * LOW HITPOINT WARNING * * *
The hippogriff misses you. The porcupine closely misses you.
You climb upwards.
Level annotation: exclusion: oklob plant
There is a stone staircase leading down here.
Evoke which item? (* to show all) (? for menu, Esc to quit)
You don't have enough magic at the moment.
Okay, then.
Okay, then.
The porcupine looks more healthy.
The hippogriff bites you but does no damage.
The hippogriff completely misses you. The hippogriff claws you!
* * * LOW HITPOINT WARNING * * *
The porcupine bites you!
* * * LOW HITPOINT WARNING * * *
The hippogriff barely misses you. The hippogriff pecks you.
* * * LOW HITPOINT WARNING * * *
The hippogriff claws you.
You die...
Kikubaaqudgha rasps: "You have failed me!
Welcome... death!"

##.......#...P#...###....).#.≈≈≈≈
##...........##....#........#...≈
P............#.............+.....
..........P...#.....#......###.#.
##.......#...#......+......###.#.
##.......##...#...###......P##...
#####..####....##+##.............
†P.#.#####.....H.H...............
...............r@P...............
.#...#.##.#...###PP#####...P#....
############### #### ##########


You could see 2 hippogriffs and a porcupine.

Vanquished Creatures
  A hydra (Lair:1)
  Harold (D:8)
  A swamp dragon (Lair:4)
  A cyclops (Orc:1)
  A black mamba (Lair:1)
  3 spiny frogs
  2 torpor snails
  3 komodo dragons (Lair:3)
  A polar bear (Lair:2)
  Grinder (D:6)
  A dream sheep (Lair:2)
  3 hippogriffs
  4 blink frogs (Lair:3)
  A wyvern (Lair:2)
  15 yaks
  A basilisk (Lair:2)
  Menkaure (D:5)
  2 hungry ghosts
  10 porcupines
  5 water moccasins
  A black bear (D:8)
  2 orc warriors
  3 ice beasts
  3 sky beasts
  An eye of draining (D:9)
  3 phantoms
  A necrophage (D:7)
  6 ogres
  7 wolves
  A crocodile (shapeshifter) (D:10)
  5 centaurs
  A big kobold (D:7)
  A crocodile (Lair:1)
  6 bullfrogs
  A gnoll sergeant (D:9)
  A wyvern zombie (D:5)
  3 scorpions
  2 howler monkeys (D:8)
  5 electric eels (Lair:3)
  3 crimson imps
  A quasit (D:7)
  3 centaur zombies
  2 hounds
  2 bullfrog skeletons
  A centaur skeleton (D:7)
  Crazy Yiuf (D:2)
  7 orc priests
  5 orc wizards
  A gnoll shaman (D:4)
  Jessica (D:2)
  2 iguanas
  Natasha (thrice) (D:2)
  6 worker ants
  A killer bee zombie (D:10)
  2 hound zombies (D:7)
  4 hound skeletons
  12 adders
  15 gnolls
  A howler monkey skeleton (D:9)
  A shadow imp (D:6)
  An ooze (D:1)
  5 adder skeletons
  2 worms
  4 dart slugs
  3 leopard geckos
  40 orcs
  6 giant cockroaches
  8 goblins
  3 hobgoblins
  3 jackals
  3 quokkas
  A ball python (D:2)
  10 bats
  13 frilled lizards
  9 kobolds
  A quokka skeleton (D:6)
  9 rats
  A fungus (D:2)
  A plant (Lair:1)
308 creatures vanquished.

Vanquished Creatures (collateral kills)
  3 hydras
  2 orc sorcerers (Orc:1)
  A spiny frog (Lair:1)
  A rime drake (Lair:1)
  A komodo dragon (Lair:1)
  A troll (D:10)
  A dream sheep (Lair:2)
  4 yaks (Lair:1)
  A steam dragon (D:10)
  2 water moccasins
  An orc warrior (Orc:1)
  An ogre (Orc:1)
  3 crocodiles
  A bullfrog (Lair:4)
  An iguana (D:10)
  An orc (Orc:1)
25 creatures vanquished.

Vanquished Creatures (others)
  20 fungi
  15 plants
35 creatures vanquished.

Grand Total: 368 creatures vanquished

Notes
Turn   | Place    | Note
-------+----------+-------------------------------------------
     0 | D:1      | Esekla the Deep Elf Conjurer began the quest for the Orb.
     0 | D:1      | Reached XP level 1. HP: 10/10 MP: 6/6
   235 | D:1      | Reached XP level 2. HP: 15/15 MP: 1/8
   341 | D:1      | Learned a level 2 spell: Searing Ray
   541 | D:2      | Reached skill level 5 in Conjurations
   541 | D:2      | Reached XP level 3. HP: 19/19 MP: 5/10
   666 | D:2      | Noticed Natasha
   676 | D:2      | Killed Natasha
   676 | D:2      | Reached skill level 4 in Spellcasting
   855 | D:1      | Reached XP level 4. HP: 24/24 MP: 7/12
  1210 | D:2      | Learned a level 4 spell: Iskenderun's Mystic Blast
  1242 | D:2      | Noticed Jessica
  1246 | D:2      | Killed Jessica
  1259 | D:2      | Found a sparkling altar of Nemelex Xobeh.
  1681 | D:2      | Noticed Natasha
  1688 | D:3      | Reached XP level 5. HP: 4/28 MP: 12/14
  1875 | D:3      | Reached skill level 5 in Spellcasting
  1877 | D:3      | Reached skill level 1 in Translocations
  2575 | D:2      | Killed Natasha
  2579 | D:2      | Found a runed translucent door.
  2580 | D:2      | Noticed Crazy Yiuf
  2710 | D:3      | Reached XP level 6. HP: 32/32 MP: 11/16
  2716 | D:3      | Found a faded altar of an unknown god.
  2729 | D:3      | Became a worshipper of Kikubaaqudgha
  2729 | D:3      | Reached * piety under Kikubaaqudgha
  2729 | D:3      | Identified Kikubaaqudgha's Volume of Stolen Souls
                  | (Kikubaaqudgha gifted it to you on level 3 of the Dungeon)
  2729 | D:3      | Received a gift from Kikubaaqudgha
  2735 | D:3      | Learned a level 3 spell: Vampiric Draining
  3051 | D:2      | Noticed Natasha
  3054 | D:2      | Killed Natasha
  3152 | D:2      | Killed Crazy Yiuf
  3397 | D:4      | Reached skill level 6 in Spellcasting
  3623 | D:4      | Reached XP level 7. HP: 33/36 MP: 15/18
  3659 | D:4      | Found a sacrificial altar of Ru.
  3678 | D:4      | Reached skill level 1 in Necromancy
  3744 | D:4      | Reached ** piety under Kikubaaqudgha
  4000 | D:5      | Entered Level 5 of the Dungeon
  4055 | D:5      | Noticed Menkaure
  4060 | D:5      | Killed Menkaure
  4060 | D:5      | Reached skill level 7 in Spellcasting
  4387 | D:7      | Found a staircase to the Ecumenical Temple.
  4431 | D:7      | Reached skill level 8 in Spellcasting
  4431 | D:7      | Reached XP level 8. HP: 28/42 MP: 18/22
  4444 | Temple   | Entered the Ecumenical Temple
  4561 | D:5      | Reached skill level 1 in Short Blades
  4771 | D:5      | Found a shattered altar of Ashenzari.
  4822 | D:5      | Found a radiant altar of Vehumet.
  4976 | D:5      | Found Ketaigyh's Gadget Boutique.
  4988 | D:5      | Learned a level 4 spell: Summon Lightning Spire
  5328 | D:6      | Identified the cursed ring of Awe {rN+ AC-3 Int-4 Dex+2}
  5342 | D:6      | Reached skill level 1 in Summonings
  5362 | D:6      | Found an iron altar of Okawaru.
  5362 | D:6      | Noticed Grinder
  5434 | D:7      | Found an ornate altar of the Wu Jian Council.
  5434 | D:7      | Found Sezor's Food Emporium.
  5449 | D:7      | Reached skill level 9 in Spellcasting
  5486 | D:7      | Reached skill level 1 in Air Magic
  5733 | D:7      | Found Xaofoir's Weapon Shop.
  5736 | D:7      | Found Vasaff's Armour Emporium.
  5754 | D:7      | Found an opulent altar of Gozag.
  5779 | D:7      | Reached XP level 9. HP: 39/46 MP: 14/24
  5831 | D:7      | Found a glowing silver altar of Zin.
  6068 | D:6      | Reached *** piety under Kikubaaqudgha
  6068 | D:6      | Identified Kikubaaqudgha's Papyrus of Darkness
                  | (Kikubaaqudgha gifted it to you on level 6 of the Dungeon)
  6068 | D:6      | Received a gift from Kikubaaqudgha
  6090 | D:6      | Found a shimmering altar of Xom.
  6204 | D:6      | Killed Grinder
  6516 | D:8      | Reached skill level 5 in Dodging
  6554 | D:8      | Reached skill level 1 in Fighting
  6554 | D:8      | Reached skill level 10 in Spellcasting
  6645 | D:8      | Reached skill level 1 in Evocations
  6751 | D:8      | Found a staircase to the Lair.
  6906 | D:8      | Noticed Harold
  6925 | D:8      | Killed Harold
  6925 | D:8      | Reached **** piety under Kikubaaqudgha
  6949 | D:8      | Reached XP level 10. HP: 22/52 MP: 8/26
  7148 | D:9      | Found a staircase to the Orcish Mines.
  7429 | D:9      | Learned a level 1 spell: Apportation
  7673 | D:9      | Found a hazy altar of Hepliaklqana.
  7787 | D:9      | Reached skill level 11 in Spellcasting
  7888 | D:9      | Found a sacrificial altar of Ru.
  8214 | D:8      | Learned a level 3 spell: Mephitic Cloud
  8217 | D:8      | Learned a level 2 spell: Poisonous Vapours
  8223 | D:8      | Learned a level 5 spell: Borgnjor's Vile Clutch
  8363 | D:8      | Found an iron altar of Okawaru.
  8363 | D:8      | Found a shadowy altar of Dithmenos.
  8369 | D:8      | Found a snail-covered altar of Cheibriados.
  8371 | D:8      | Found a hide-covered altar of Uskayaw.
  8372 | D:8      | Found a faded altar of an unknown god.
  8459 | D:8      | Reached skill level 1 in Earth Magic
  8692 | Lair:1   | Entered Level 1 of the Lair of Beasts
  8809 | Lair:1   | Noticed a black mamba
  8820 | Lair:1   | Killed a black mamba
  8820 | Lair:1   | Reached skill level 1 in Poison Magic
  9113 | Lair:1   | Noticed a five-headed hydra
  9122 | Lair:1   | Killed a five-headed hydra
  9122 | Lair:1   | Reached skill level 12 in Spellcasting
  9122 | Lair:1   | Reached skill level 5 in Necromancy
  9246 | Lair:1   | Noticed a spiny frog
  9247 | Lair:1   | Noticed a spiny frog
  9260 | Lair:1   | Killed a spiny frog
  9469 | Lair:1   | Killed a spiny frog
  9670 | Lair:1   | You fall into a shaft and drop 1 floor!
  9962 | Lair:1   | Reached XP level 11. HP: 54/56 MP: 24/29
 10346 | D:10     | Entered Level 10 of the Dungeon
 10391 | D:10     | Reached skill level 5 in Air Magic
 10863 | D:10     | Reached ***** piety under Kikubaaqudgha
 11172 | Orc:1    | Entered Level 1 of the Orcish Mines
 11172 | Orc:1    | Noticed an orc sorcerer
 11179 | Orc:1    | Paralysed by an orc sorcerer for 2 turns
 11182 | Orc:1    | Killed an orc sorcerer
 11182 | Orc:1    | Reached skill level 13 in Spellcasting
 11196 | Orc:1    | Noticed an orc sorcerer
 11271 | Orc:1    | Killed an orc sorcerer
 11441 | Orc:1    | Reached skill level 1 in Armour
 11487 | Orc:1    | Noticed an orc sorcerer
 11520 | Orc:1    | Noticed an orc warlord
 11747 | Lair:2   | Noticed a six-headed hydra
 11757 | Lair:2   | Killed a six-headed hydra
 12121 | Lair:2   | Reached skill level 5 in Evocations
 12220 | Lair:2   | Found a bloodstained altar of Trog.
 12812 | Lair:3   | Found the +9 staff of Olgreb {rPois∞}
 13016 | Lair:3   | Reached XP level 12. HP: 62/62 MP: 26/31
 13075 | Lair:3   | Noticed a five-headed hydra
 13082 | Lair:3   | Killed a five-headed hydra
 13309 | Lair:3   | Reached skill level 14 in Spellcasting
 13419 | Lair:3   | Noticed an eight-headed hydra
 13425 | Lair:3   | Killed an eight-headed hydra
 13860 | Lair:3   | Reached skill level 5 in Poison Magic
 13973 | Lair:4   | Found a staircase to the Swamp.
 13987 | Lair:4   | Reached ****** piety under Kikubaaqudgha
 13989 | Lair:4   | Found a staircase to the Snake Pit.
 13999 | Lair:3   | HP: 2/62 [porcupine (9)]
 13999 | Lair:3   | Slain by a hippogriff

Levels and vault maps discovered:
D:1:      elethiomel_arrival_infinity_welcomes_careful_drivers, layout_rooms
D:2:      layout_loops_ring, marbit_many_paths, minmay_fractal_squares_5,
          uniq_crazy_yiuf_cottage, uniq_natasha, uniq_jessica
D:3:      layout_basic, chequers_ecumenical_altar_lobes,
          kennysheep_generic_room_4
D:4:      layout_loops_ring, first_ration, hangedman_ru_absence
D:5:      layout_rooms, vehumet_crystals, overflow_temple_1_default,
          serial_shops, kennysheep_little_box, uniq_menkaure
D:6:      layout_basic, xom_teletrap_fun, okawaru_ov_weapons_minmay,
          uniq_grinder
D:7:      layout_cave_pools, lemuel_crystal_altar, lemuel_doored_altar,
          overflow_temple_1_default, minmay_temple_entry_mini_moons,
          serial_shops, nicolae_shop_stone, shop, shop_fountains
D:8:      layout_loops_ring, chequers_temple_overflow_minitemple,
          due_lair_maze_entry_diamond, grunt_ogre_cave, st_stairs_11,
          uniq_harold
D:9:      layout_basic, nicolae_overflow_crystal_walls, lemuel_round_altar
D:10:     minmay_bloctagon, layout_loops_ring, minmay_quadrilaterals
Temple:   nicolae_temple_figure_zero
Lair:1:   layout_hall_layers, hibernation_bobbens, serial_bayou_shore_b
Lair:2:   layout_gridlike, basic_altar, grunt_forest_stairs_basic,
          grunt_megastairs_4
Lair:3:   layout_regular_city, minmay_lair_oklob_bushes, serial_bayou_pond_b,
          infiniplex_staircase_pool_2, grunt_megastairs_5, serial_bayou_shore_a
Lair:4:   layout_misc_corridors, minmay_swamp_entry_reptiles, dummy_snake_entry,
          basic_altar
Orc:1:    layout_diamond_mine, basic_altar

Skill      XL: |  1  2  3  4  5  6  7  8  9 10 11 12 |
---------------+-------------------------------------+-----
Conjurations   | 5 6 7 8 |  8.3
Spellcasting   | 4 5 6 8 9 10 12 13 14 | 14.4
Stealth        | 3 |  3.6
Translocations | 1 2 3 4 |  4.5
Dodging        | 3 4 5 6 |  6.6
Necromancy     | 2 3 4 5 6 7 |  7.7
Short Blades   | 1 3 |  3.9
Summonings     | 2 4 |  4.7
Air Magic      | 2 3 4 6 |  6.4
Fighting       | 1 |  1.9
Evocations     | 2 4 5 6 |  6.1
Earth Magic    | 2 3 4 |  4.1
Poison Magic   | 2 4 5 |  5.3
Armour         | 2 |  2.9

Action                   |  1- 3 |  4- 6 |  7- 9 | 10-12 || total
-------------------------+-------+-------+-------+-------++-------
Melee: Dagger            |     7 |    48 |   100 |   173 ||   328
Throw: Dart              |       |     1 |     5 |     4 ||    10
 Cast: Magic Dart        |    38 |    22 |    37 |    52 ||   149
       Searing Ray       |     5 |    32 |    41 |    76 ||   154
       Vampiric Draining |       |     1 |     4 |    30 ||    35
       Iskenderun's Myst |       |       |     3 |     6 ||     9
       Summon Lightning  |       |       |     1 |    21 ||    22
       Poisonous Vapours |       |       |       |    60 ||    60
       Apportation       |       |       |       |     3 ||     3
       Borgnjor's Vile C |       |       |       |     3 ||     3
       Mephitic Cloud    |       |       |       |     1 ||     1
Evoke: Staff of Olgreb   |       |       |       |     1 ||     1
  Use: Scroll            |       |       |    12 |    16 ||    28
       Potion            |       |       |     1 |     7 ||     8
 Stab: Sleeping          |     2 |     4 |     8 |     6 ||    20
       Distracted        |       |       |       |     1 ||     1
  Eat: Chunk             |       |     8 |    12 |    18 ||    38
       Ration            |       |       |       |     1 ||     1
Armor: Robe              |       |    10 |    23 |    16 ||    49
       Troll leather arm |       |       |       |    39 ||    39
Dodge: Dodged            |    15 |    35 |    94 |   250 ||   394
       Rpst.: Long sword |       |       |     1 |       ||     1

Table legend:
 A = Non-vault XP
 B = Vault XP
 C = Vault XP percentage of total XP
 D = Non-vault monster count
 E = Vault monster count
 F = Vault count percentage of total count
                 A         B        C        D         E       F
            +---------+---------+-------+---------+---------+-------
      Total |   22941 |    6233 |  21.4 |     295 |      36 |  10.9
            +---------+---------+-------+---------+---------+-------
        D:1 |      46 |       0 |   0.0 |      23 |       0 |   0.0
        D:2 |     144 |     118 |  45.0 |      24 |       7 |  22.6
        D:3 |     206 |       0 |   0.0 |      23 |       0 |   0.0
        D:4 |     376 |       0 |   0.0 |      23 |       0 |   0.0
        D:5 |     139 |     175 |  55.7 |       8 |       1 |  11.1
        D:6 |     596 |     252 |  29.7 |      20 |       1 |   4.8
        D:7 |    1322 |       0 |   0.0 |      27 |       0 |   0.0
        D:8 |     862 |    2363 |  73.3 |      20 |      14 |  41.2
        D:9 |    1179 |       0 |   0.0 |      22 |       0 |   0.0
       D:10 |    1064 |     787 |  42.5 |      12 |       5 |  29.4
     Lair:1 |    3027 |     787 |  20.6 |      15 |       1 |   6.2
     Lair:2 |    2781 |     786 |  22.0 |      16 |       2 |  11.1
     Lair:3 |    8870 |     247 |   2.7 |      39 |       1 |   2.5
     Lair:4 |     163 |     718 |  81.5 |       2 |       4 |  66.7
      Orc:1 |    2166 |       0 |   0.0 |      21 |       0 |   0.0
            +---------+---------+-------+---------+---------+-------
